AoeStats
← Gurk Han

Arena

508690202Analyzed
2v2 RM · 8d ago on Sep 23, 2026· 64m 47s· 4 players
Game mode
Random Map
Map size
Medium (4 player)
Population
200
Speed
Normal
Resources
Standard
Victory
Conquest
Starting age
Dark Age
Ending age
Imperial Age
RankedLock teamsTeams togetherTeam positionsShared explorationLock speedFull tech treeHidden civsTurbo modeCheats
Victory
Defeat
🇹🇷 Cumans · Türkiye
917
+16
🇹🇷 Ethiopians · Türkiye
910
+16
🇹🇷 Franks · Türkiye
912
-16
🇹🇷 Spanish · Türkiye
910
-16
THE BRONZE BOMBER
12:36 Feudal Age
14:00 Loom
16:18 Castle Age
14:04 Loom
15:27 Double-Bit Axe
16:19 Gold Mining
22:23 Bow Saw
22:44 Scale Barding Armor
24:47 Forging
24:39 Scale Mail Armor
33:34 Imperial Age
31:28 Husbandry
32:14 Iron Casting
32:20 Gold Shaft Mining
34:27 Ballistics
34:04 Murder Holes
34:19 Masonry
34:21 Fortified Wall
35:56 Chemistry
35:10 Fletching
35:21 Padded Archer Armor
36:53 Wheelbarrow
39:20 Elite Skirmisher
40:41 Elite Skirmisher
42:30 Bodkin Arrow
42:50 Leather Archer Armor
44:44 Cavalier
48:01 Chain Barding Armor
48:41 Blast Furnace
47:13 Paladin
48:51 Hand Cart
53:08 Plate Barding Armor
Gurk Han
8:13 Loom
11:17 Feudal Age
11:37 Man-at-Arms
19:11 Castle Age
30:31 Bloodlines
31:24 Double-Bit Axe
31:21 Horse Collar
36:30 Imperial Age
43:50 Wheelbarrow
43:01 Town Watch
44:42 Bow Saw
44:36 Heavy Plow
45:03 Husbandry
44:54 Cavalier
48:28 Chemistry
47:49 Ballistics
47:27 Murder Holes
48:45 Forging
50:11 Iron Casting
50:07 Gold Mining
50:34 Scale Barding Armor
52:16 Hand Cart
52:36 Paladin
55:34 Chain Barding Armor
56:47 Stone Mining
60:44 Plate Barding Armor
62:23 Blast Furnace
aacar6135
11:05 Feudal Age
17:12 Double-Bit Axe
19:46 Horse Collar
24:57 Castle Age
26:50 Scale Mail Armor
26:51 Padded Archer Armor
30:19 Elite Skirmisher
30:26 Capped Ram
31:34 Forging
31:15 Fletching
42:54 Pikeman
43:34 Squires
45:05 Loom
47:10 Heavy Plow
47:23 Bow Saw
47:47 Chain Mail Armor
47:47 Leather Archer Armor
48:08 Iron Casting
50:24 Bodkin Arrow
56:31 Imperial Age
56:33 Halberdier
58:16 Chemistry
58:23 Blast Furnace
57:54 Plate Mail Armor
57:55 Ring Archer Armor
SZY19999
0:45 Loom
9:54 Feudal Age
10:33 Horse Collar
10:42 Double-Bit Axe
16:40 Castle Age
16:36 Wheelbarrow
16:27 Gold Mining
20:57 Bow Saw
22:02 Gold Shaft Mining
21:50 Hand Cart
21:19 Crossbowman
21:53 Fletching
22:52 Bodkin Arrow
25:41 Thumb Ring
26:26 Padded Archer Armor
27:03 Ballistics
31:57 Imperial Age
29:59 Leather Archer Armor
33:10 Ring Archer Armor
32:41 Bracer
32:06 Arbalester
34:03 Chemistry
33:57 Town Watch
49:24 Stone Mining
55:40 Town Patrol
57:51 Scale Barding Armor
57:57 Forging
58:59 Light Cavalry
63:14 Hussar
64:17 Chain Barding Armor
64:33 Iron Casting
Connection lost

Rejoining the realm…

Still unreachable

The connection could not be restored.

Session expired

The server has moved on; the page needs a fresh start.